 Dungeon Crawl Stone Soup version 0.20.0-7-g3b7b877 (webtiles) character file.

349 ChaseSP the Chopper (level 6, 0/55 HPs)
             Began as a Deep Dwarf Fighter on May 29, 2017.
             Killed by nerve-wracking pain
             ... invoked by Grinder
              (4 damage)
             ... on level 3 of the Dungeon.
             The game lasted 00:06:08 (2093 turns).

ChaseSP the Chopper (Deep Dwarf Fighter)            Turns: 2093, Time: 00:06:09

Health: 0/55       AC: 10    Str: 25    XL:     6   Next: 33%
Magic:  6/6        EV:  7    Int:  8    God:
Gold:   56         SH: 10    Dex: 14    Spells: 5/5 levels left

rFire    . . .     SeeInvis .   a - +0 war axe
rCold    . . .     Gourm    .   c - +0 shield
rNeg     . . .     Faith    .   b - +0 scale mail
rPois    .         Spirit   .   (no helmet)
rElec    .         Reflect  .   j - +0 cloak
rCorr    .         Harm     .   p - +0 pair of gloves
MR       .....                  (no boots)
Stlth    ..........             (no amulet)
Regen    0.0/turn               s - +1 ring of protection
MPRegen  0.1/turn               (no ring)

@: mighty, non-regenerating
A: damage resistance, heal wounds, sense surroundings 1, no regeneration
a: Heal Wounds


You were on level 3 of the Dungeon.
You were very hungry.

You visited 1 branch of the dungeon, and saw 3 of its levels.
You also visited: Sewer.

You collected 56 gold pieces.

Inventory:

Hand Weapons
 a - a +0 war axe (weapon)
 u - a +1 flail of protection
Missiles
 h - 14 bolts
Armour
 b - a +0 scale mail (worn)
 c - a +0 shield (worn)
 j - a +0 cloak (worn)
 p - a +0 pair of gloves (worn)
Jewellery
 s - a +1 ring of protection (left hand)
Scrolls
 e - a scroll of amnesia {unknown}
 g - 2 scrolls of recharging {unknown}
 i - 2 scrolls of fear {unknown}
 m - 2 scrolls of teleportation {unknown}
 o - a scroll of enchant weapon {unknown}
 q - a scroll of noise {unknown}
 r - a scroll of remove curse {unknown}
 v - a scroll of identify {unknown}
Potions
 k - a potion of agility {unknown}
 n - a potion of magic {unknown}
 t - a potion of degeneration {unknown}
 w - 2 potions of curing {unknown}
 x - 2 potions of flight {unknown}
 z - a potion of haste {unknown}
 A - a potion of heal wounds {unknown}
Comestibles
 f - a bread ration
 l - 2 meat rations


   Skills:
 - Level 2.6 Fighting
 * Level 7.4 Axes
 - Level 3.2 Armour
 - Level 3.2 Shields


You had 5 spell levels left.
You didn't know any spells.

Dungeon Overview and Level Annotations

Branches:
Dungeon (3/15)

Altars:
Gozag

Annotations:
D:3 Grinder


Innate Abilities, Weirdness & Mutations

You are resistant to damage.
You can heal yourself by infusing magical energy.
You passively map a small area around you.
You do not regenerate.


Message History

You slice Shayle's ghost!!
You destroy Shayle's ghost!
Grinder comes into view.
Grinder shouts!
You see here a scroll labeled JAS WIKUUTWA.
You are no longer poisoned.
Grinder blinks!
Grinder gestures at you. You resist with significant effort.
Grinder gestures at you. Pain shoots through your body!
* * * LOW HITPOINT WARNING * * *
You slice Grinder!!
Grinder is heavily wounded.
Grinder barely misses you.
You closely miss Grinder.
Grinder is heavily wounded.
Grinder gestures at you. Pain shoots through your body!
You die...

#..≈≈≈≈≈......... ,
#...≈≈≈........# * #
#.........##...### *.#
#......÷..)......###.###
*
#####..>.......(...!....
, #...#.###..†......#
#...#.# #.........#
#...#.###..5?.....+
#...#...#..@......# *
#######.#.........# *
######.#........## *
#......#...####...
#......+...+ ,?...
#......#...#** ,...
#......##### , ##
#......# *
#......########


You could see Grinder.

Vanquished Creatures
  The ghost of Shayle the Chiller, an amateur DsIE (D:3)
  A big kobold (Sewer)
  Terence (D:2)
  Natasha (D:3)
  4 adders
  4 gnolls (D:2)
  2 river rats
  An ooze (D:2)
  2 worms (D:2)
  A dart slug (D:1)
  3 leopard geckos
  2 bats
  6 giant cockroaches
  5 goblins
  8 hobgoblins
  2 jackals (Sewer)
  A ball python (D:3)
  5 kobolds
  10 rats
60 creatures vanquished.

Notes
Turn   | Place    | Note
-------+----------+-------------------------------------------
     0 | D:1      | ChaseSP the Deep Dwarf Fighter began the quest for the Orb.
     0 | D:1      | Reached XP level 1. HP: 20/20 MP: 1/1
   130 | D:1      | Reached skill level 3 in Axes
   144 | D:1      | Reached XP level 2. HP: 27/27 MP: 2/2
   665 | D:2      | Reached XP level 3. HP: 28/33 MP: 3/3
   873 | D:2      | Reached skill level 4 in Axes
  1034 | D:2      | Found an opulent altar of Gozag.
  1253 | D:2      | Noticed Terence
  1260 | D:2      | Reached XP level 4. HP: 19/40 MP: 4/4
  1267 | D:2      | Reached skill level 5 in Axes
  1285 | D:2      | Killed Terence
  1352 | D:2      | Reached XP level 5. HP: 35/46 MP: 5/5
  1797 | D:3      | Noticed Natasha
  1800 | D:3      | Killed Natasha
  1800 | D:3      | Reached skill level 6 in Axes
  1821 | D:3      | Found a glowing drain.
  1868 | Sewer    | Entered a sewer
  1966 | Sewer    | Found a white marble altar of Elyvilon.
  2069 | D:3      | Noticed Shayle's ghost (amateur DsIE)
  2079 | D:3      | Reached skill level 7 in Axes
  2079 | D:3      | Reached XP level 6. HP: 25/55 MP: 6/6
  2084 | D:3      | Killed Shayle's ghost
  2085 | D:3      | Noticed Grinder
  2093 | D:3      | Killed from afar by Grinder

Skill      XL: |  1  2  3  4  5 |
---------------+----------------+-----
Axes           | 3 4 5 7 |  7.4
Fighting       | |  2.6
Armour         | |  3.2
Shields        | |  3.2

Action                   |  1- 3 |  4- 6 || total
-------------------------+-------+-------++-------
Melee: War axe           |   102 |    82 ||   184
 Abil: Heal Wounds       |       |     1 ||     1
  Use: Potion            |       |     1 ||     1
  Eat: Chunk             |     1 |     2 ||     3
Armor: Scale mail        |    40 |    36 ||    76
Dodge: Dodged            |    23 |    28 ||    51
Block: Shield            |    51 |    39 ||    90
